 Dungeon Crawl Stone Soup version 0.20.1-1-g8b1a95d (webtiles) character file.

4654 Kingsmith the Fighter (level 10, -7/94 HPs)
             Began as a Minotaur Fighter on Dec 7, 2017.
             Was an Elder of Okawaru.
             Killed from afar by an electric eel (8 damage)
             ... with a bolt of electricity
             ... on level 8 of the Dungeon.
             The game lasted 00:21:18 (9438 turns).

Kingsmith the Fighter (Minotaur Fighter)            Turns: 9438, Time: 00:21:18

Health: -7/94      AC: 14    Str: 24    XL:     10   Next: 20%
Magic:  9/9        EV:  8    Int:  5    God:    Okawaru [****..]
Gold:   94         SH:  0    Dex: 10    Spells: 9/9 levels left

rFire    . . .     SeeInvis .   k - +0 quarterstaff (speed)
rCold    . . .     Gourm    .   (shield currently unavailable)
rNeg     . . .     Faith    .   u - +0 chain mail
rPois    .         Spirit   .   (helmet restricted)
rElec    .         Reflect  .   (no cloak)
rCorr    .         Harm     .   v - +1 pair of gloves
MR       .....                  (no boots)
Stlth    ..........             (no amulet)
Regen    0.3/turn               (no ring)
MPRegen  0.2/turn               (no ring)

@: very slow
A: retaliatory headbutt, horns 2
a: Heroism, Renounce Religion


You were on level 8 of the Dungeon.
You worshipped Okawaru.
Okawaru was greatly pleased with you.
You were not hungry.

You visited 2 branches of the dungeon, and saw 9 of its levels.
You also visited: Sewer.

You collected 494 gold pieces.
You spent 400 gold pieces at shops.

Inventory:

Hand Weapons
 a - a +1 trident
 k - a +0 quarterstaff of speed (weapon)
 A - a +0 shortbow
Missiles
 z - 239 arrows
 J - 6 javelins of returning (quivered)
Armour
 c - a +0 shield
 u - a +0 chain mail (worn)
 v - a +1 pair of gloves (worn)
 I - the +2 robe of the Apprentice {rElec rC+++ Str-5, unknown}
   (You found it on level 7 of the Dungeon)

   It affects your strength (-5).
   It renders you almost immune to cold.
   It insulates you from electricity.
Jewellery
 C - an uncursed ring of resist corrosion {unknown}
Wands
 D - a wand of flame (29/48)
 F - a wand of polymorph (6/24)
 H - a wand of random effects (31/48)
Scrolls
 i - 2 scrolls of fog
 j - 4 scrolls of enchant weapon
 q - 2 scrolls of fear
 s - 2 scrolls of remove curse
 x - 3 scrolls of teleportation
 y - 3 scrolls of enchant armour
 B - 4 scrolls of identify
 E - a scroll of noise {unknown}
 G - a scroll of silence {unknown}
 K - a scroll of blinking
 M - a scroll of recharging
Potions
 b - a potion of berserk rage
 d - 2 potions of might
 e - a potion of curing
 g - a potion of flight
 h - 3 potions of mutation
 m - a potion of ambrosia
 n - a potion of invisibility {unknown}
 o - a potion of brilliance {unknown}
 t - a potion of degeneration {unknown}
 w - a potion of haste {unknown}
Miscellaneous
 l - a fan of gales (inert)
Comestibles
 f - 5 bread rations
 p - 2 meat rations
 r - 2 royal jellies
 L - 15 chunks of flesh


   Skills:
 - Level 10.5 Fighting
 - Level 2.4 Polearms
 + Level 6.4 Throwing
 - Level 10.3 Armour
 - Level 9.0 Shields


You had 9 spell levels left.
You didn't know any spells.

Dungeon Overview and Level Annotations

Branches:
Dungeon (8/15)             Temple (1/1) D:4
   Lair: D:8-11

Altars:
Ashenzari
Cheibriados
Dithmenos
Elyvilon
Fedhas
Gozag
Hepliaklqana
Kikubaaqudgha
Makhleb
Nemelex Xobeh
Okawaru
Qazlal
Ru
Sif Muna
Trog
Uskayaw
Vehumet
Xom
Yredelemnul
Zin

Shops:
D:5 (   D:8 *

Annotations:
D:5 Super Powerful Glaive 3124 gold


Innate Abilities, Weirdness & Mutations

You reflexively headbutt those who attack you in melee.
You have a pair of horns on your head.


Message History

The electric eel shoots out a bolt of lightning at you!
The bolt of electricity hits you! x2
The orc shouts!
You thump the electric eel!
The electric eel is heavily wounded.
The electric eel shoots out a bolt of lightning at you!
The bolt of electricity hits the plant. x2; The bolt of electricity hits you!
The electric eel shoots out a bolt of lightning at you!
The bolt of electricity hits you!
* * * LOW HITPOINT WARNING * * *
The bolt of electricity hits you!
* * * LOW HITPOINT WARNING * * *
The electric eel shoots out a bolt of lightning at you!
The bolt of electricity hits you!
* * * LOW HITPOINT WARNING * * *
The bolt of electricity hits you!
* * * LOW HITPOINT WARNING * * *
The electric eel shoots out a bolt of lightning at you!
The bolt of electricity hits the plant. x2; The bolt of electricity hits you!
You die...

##############
#..(÷).......#
#.####.#####.######
#.# #..†.........#
#.# ####@≈..####.#
########.# #≈....#
#.# ##.......#
#≈≈≈≈;≈.≈.(##(##
##.####.##
##≈≈≈≈≈≈.≈....Y##
##.#.....#
###≈≈≈≈P≈......#
...#.##.##
##≈≈≈≈P≈P≈.#.#
.###.##.#
.oP≈≈≈≈≈≈....
.....##.#
.≈.P≈≈;P.P....
..#####.#
..≈.≈P≈≈≈.≈...#


You could see 2 electric eels and an orc.

Vanquished Creatures
  The ghost of Feta the Covert, a novice OpAs of Makhleb (D:7)
  Prince Ribbit (D:7)
  7 yaks
  Duvessa (D:5)
  An orc warrior (D:7)
  3 ogres
  A sky beast (D:3)
  4 centaurs
  A crocodile (Sewer)
  2 big kobolds
  5 bullfrogs
  Dowan (D:5)
  A scorpion (D:7)
  12 killer bees
  An electric eel (D:8)
  A crimson imp (D:6)
  A bullfrog zombie (D:8)
  A hound (D:7)
  4 jellies
  A gnoll shaman (D:4)
  3 orc priests
  A centaur skeleton (D:4)
  2 bullfrog skeletons
  2 iguanas (D:4)
  5 orc wizards
  4 worker ants
  A hound zombie (D:5)
  7 adders
  3 gnolls (D:4)
  A river rat (D:5)
  A shadow imp (D:7)
  An ooze (D:2)
  An adder skeleton (D:7)
  5 worms
  4 dart slugs
  9 leopard geckos
  12 orcs
  A ball python (D:5)
  6 giant cockroaches
  7 goblins
  2 hobgoblins
  4 quokkas
  10 bats
  6 frilled lizards
  18 kobolds
  A leopard gecko skeleton (D:5)
  A quokka skeleton (D:5)
  14 rats
182 creatures vanquished.

Notes
Turn   | Place    | Note
-------+----------+-------------------------------------------
     0 | D:1      | Kingsmith the Minotaur Fighter began the quest for the Orb.
     0 | D:1      | Reached XP level 1. HP: 19/19 MP: 0/0
   175 | D:1      | Reached XP level 2. HP: 26/26 MP: 1/1
   524 | D:1      | Reached skill level 5 in Shields
   538 | D:1      | Reached XP level 3. HP: 28/31 MP: 2/2
   993 | D:2      | Found a faded altar of an unknown god.
  1433 | D:2      | Reached XP level 4. HP: 39/39 MP: 3/3
  1741 | D:3      | Noticed a sky beast
  1752 | D:3      | Killed a sky beast
  1752 | D:3      | Reached XP level 5. HP: 12/45 MP: 4/4
  1949 | D:3      | Found an opulent altar of Gozag.
  2261 | D:3      | Found a radiant altar of Vehumet.
  2306 | D:3      | Found a stormy altar of Qazlal.
  2762 | D:4      | Reached XP level 6. HP: 48/51 MP: 5/5
  2836 | D:4      | Found a staircase to the Ecumenical Temple.
  2875 | Temple   | Entered the Ecumenical Temple
  3001 | Temple   | Became a worshipper of Warmaster Okawaru
  3236 | D:4      | Found a sparkling altar of Nemelex Xobeh.
  3395 | D:5      | Entered Level 5 of the Dungeon
  3409 | D:5      | Reached XP level 7. HP: 17/59 MP: 6/6
  3458 | D:5      | Found a glowing drain.
  3518 | D:5      | Reached * piety under Okawaru
  3526 | Sewer    | Entered a sewer
  3782 | Sewer    | Reached skill level 5 in Fighting
  3782 | Sewer    | Reached skill level 5 in Armour
  4127 | D:5      | Noticed Duvessa
  4129 | D:5      | Noticed Dowan
  4130 | D:5      | Found an opulent altar of Gozag.
  4135 | D:5      | Killed Duvessa
  4137 | D:5      | Found a white marble altar of Elyvilon.
  4139 | D:5      | Killed Dowan
  4146 | D:5      | Found a bloodstained altar of Trog.
  4191 | D:5      | Reached ** piety under Okawaru
  4316 | D:5      | Found Bouhy's Antique Weapon Emporium.
  4334 | D:5      | Reached XP level 8. HP: 43/71 MP: 7/7
  5091 | D:6      | HP: 3/75 [centaur/arrow (1)]
  6438 | D:7      | Reached *** piety under Okawaru
  6438 | D:7      | Reached XP level 9. HP: 52/82 MP: 8/8
  6956 | D:7      | Got a colourful robe
  7271 | D:7      | Noticed Prince Ribbit
  7280 | D:7      | Killed Prince Ribbit
  7439 | D:7      | Noticed Feta's ghost (novice OpAs)
  7452 | D:7      | Killed Feta's ghost
  7452 | D:7      | Received a gift from Okawaru
  7452 | D:7      | Reached **** piety under Okawaru
  7452 | D:7      | Reached skill level 10 in Fighting
  7452 | D:7      | Reached skill level 10 in Armour
  7591 | D:7      | Reached skill level 1 in Throwing
  8347 | D:8      | Reached XP level 10. HP: 78/94 MP: 9/9
  8482 | D:8      | Found a shadowy altar of Dithmenos.
  8522 | D:8      | Found a basalt altar of Yredelemnul.
  8814 | D:8      | Found Cunk's General Store.
  8821 | D:8      | Bought a fan of gales for 400 gold pieces
  8924 | D:8      | Reached skill level 5 in Throwing
  9295 | D:8      | Received a gift from Okawaru
  9438 | D:8      | HP: 1/94 [electric eel/bolt of electricity (9)]
  9438 | D:8      | Killed from afar by an electric eel

Skill      XL: |  1  2  3  4  5  6  7  8  9 10 |
---------------+-------------------------------+-----
Shields        | 4 5 7 8 9 |  9.0
Fighting       | 4 6 8 10 | 10.5
Armour         | 4 6 8 10 | 10.3
Throwing       | 4 6 |  6.4
Polearms       | |  2.4

Action                   |  1- 3 |  4- 6 |  7- 9 | 10-12 || total
-------------------------+-------+-------+-------+-------++-------
Melee: Trident           |   131 |    78 |    15 |       ||   224
       Headbutt          |    17 |    24 |    65 |    14 ||   120
       Quarterstaff      |       |    38 |   294 |    49 ||   381
Evoke: Fan of gales      |       |       |       |     1 ||     1
  Use: Scroll            |       |     6 |    10 |       ||    16
       Potion            |       |       |     4 |       ||     4
  Eat: Chunk             |     2 |     6 |    14 |     3 ||    25
       Royal jelly       |       |       |     1 |       ||     1
Armor: Scale mail        |    32 |    16 |       |       ||    48
       Chain mail        |       |    22 |   204 |    26 ||   252
Dodge: Dodged            |    23 |    22 |   149 |    20 ||   214
Block: Shield            |    49 |    28 |    29 |       ||   106
